 Dungeon Crawl Stone Soup version 0.19.5 (webtiles) character file.

101 Lizzreth the Cudgeler (level 4, -1/44 HPs)
             Began as a Troll Fighter on Mar 15, 2017.
             Slain by Sigmund
             ... wielding a +2 scythe of slicing
              (3 damage)
             ... on level 2 of the Dungeon.
             The game lasted 00:05:19 (1142 turns).

Lizzreth the Cudgeler (Troll Fighter)               Turns: 1142, Time: 00:05:19

Health: -1/44      AC:  5    Str: 30    XL:     4   Next: 48%
Magic:  3/3        EV:  8    Int:  4    God:
Gold:   90         SH:  9    Dex:  9    Spells: 0 memorised, 3 levels left

rFire  . . .     SeeInvis .     a - +0 flail
rCold  . . .     Gourm    +     b - +0 robe
rNeg   . . .     Faith    .     c - +0 shield
rPois  .         Spirit   .     (helmet restricted)
rElec  .         Reflect  .     (no cloak)
rCorr  .         Harm     .     (gloves unavailable)
MR     .....                    (boots unavailable)
Stlth  +.........               (no amulet)
                                (no ring)
                                (no ring)

@: mighty
A: unfitting armour, claws 3, fast metabolism 3, gourmand, regeneration 1,
shaggy fur 1, tough skin 2
a: no special abilities


You were on level 2 of the Dungeon.
You were hungry.

You visited 1 branch of the dungeon, and saw 2 of its levels.

You collected 90 gold pieces.

Inventory:

Hand Weapons
 a - a +0 flail (weapon)
Armour
 b - a +0 robe (worn)
 c - a +0 shield (worn)
Scrolls
 h - a scroll of amnesia {unknown}
 j - a scroll of remove curse {unknown}
 k - a scroll of random uselessness {unknown}
 m - a scroll of teleportation {unknown}
Potions
 d - a potion of might
Comestibles
 f - 4 bread rations
 g - 2 fruits
 i - a beef jerky
 l - a royal jelly


   Skills:
 - Level 2.4 Fighting
 + Level 4.3 Maces & Flails
 - Level 2.4 Dodging
 - Level 2.4 Shields


You had 3 spell levels left.
You didn't know any spells.

Dungeon Overview and Level Annotations

Branches:
Dungeon (2/15)

Altars:

Annotations:
D:2 Sigmund


Innate Abilities, Weirdness & Mutations

You are too large for most types of armour.
You have claws for hands.
Your metabolism is lightning-fast.
You like to eat raw meat.
Your natural rate of healing is unusually fast.
You are covered in fur. (AC +1)
You have very tough skin. (AC +2)


Message History

You are feeling hungry.
You block the jackal's attack. Something hits you but does no damage.
You block the jackal's attack.
The jackal bites you but does no damage.
Your shield prevents you from hitting something.
The jackal closely misses you. x2; Something hits you.
* * * LOW HITPOINT WARNING * * *
x2 You block the jackal's attack.
The jackal bites you.
* * * LOW HITPOINT WARNING * * *
You miss something. The jackal barely misses you.
The jackal closely misses you. Something hits you.
* * * LOW HITPOINT WARNING * * *
x2 The jackal barely misses you.
You feel better. The jackal completely misses you.
The jackal bites you but does no damage. x2
You miss something.
The jackal bites you but does no damage.
Something hits you!
* * * LOW HITPOINT WARNING * * *
You die...

## #.#.....##. #.
###.......... #.
.<..>#.....### #.
####.#.....# # #.
##....#.#####
#######.####.#.#.#......
.......#......(...######
#..####.#.#.## #h@#
##...## # #h{# ##.## #
#..# #.# # #..# #.# #
#..# #.# #### #..#
#.######... #..#
#.......... #..#
########.## #.#


You could see 2 jackals.

Vanquished Creatures
  Jessica (D:2)
  Robin (D:2)
  4 gnolls (D:2)
  3 giant cockroaches
  10 goblins
  2 hobgoblins
  A kobold (D:2)
  A ball python (D:2)
  2 bats
  3 rats
28 creatures vanquished.

Notes
Turn   | Place    | Note
-------+----------+-------------------------------------------
     0 | D:1      | Lizzreth the Troll Fighter began the quest for the Orb.
     0 | D:1      | Reached XP level 1. HP: 22/22 MP: 0/0
    62 | D:1      | Reached skill level 2 in Maces & Flails
   866 | D:2      | Reached XP level 2. HP: 16/29 MP: 1/1
   867 | D:2      | Reached skill level 3 in Maces & Flails
   874 | D:2      | Reached XP level 3. HP: 27/36 MP: 2/2
   983 | D:2      | Noticed Robin
   985 | D:2      | Killed Robin
  1001 | D:2      | Reached XP level 4. HP: 43/44 MP: 3/3
  1029 | D:2      | Reached skill level 4 in Maces & Flails
  1046 | D:2      | Noticed Jessica
  1051 | D:2      | Killed Jessica
  1122 | D:2      | Noticed Sigmund
  1135 | D:2      | HP: 2/44 [something (1)]
  1140 | D:2      | HP: 2/44 [something (2)]
  1142 | D:2      | Slain by Sigmund

Skill      XL: |  1  2  3  4 |
---------------+-------------+-----
Maces & Flails | 2 3 4 |  4.3
Fighting       | |  2.4
Dodging        | |  2.4
Shields        | |  2.4

Action                   |  1- 3 |  4- 6 || total
-------------------------+-------+-------++-------
Melee: Flail             |    63 |    35 ||    98
  Use: Potion            |       |     5 ||     5
  Eat: Chunk             |     3 |       ||     3
       Bread ration      |     1 |       ||     1
Armor: Robe              |    21 |    15 ||    36
Dodge: Dodged            |    27 |    21 ||    48
Block: Shield            |    23 |    20 ||    43
